 Dungeon Sprint DCSS version 0.21-a0-444-g29a2fec (webtiles) character file.

577368 Kikal the End of an Era (level 23, 197/197 HPs)
             Began as a Formicid Fighter on Nov 17, 2017.
             Was the Champion of Qazlal.
             Escaped with the Orb!
             The game lasted 01:31:07 (3544 turns).

Kikal the End of an Era (Formicid Fighter)          Turns: 3544, Time: 01:31:08

Health: 197/197    AC: 29    Str: 34    XL:     23   Next: 25%
Magic:  52/52      EV: 26    Int: 23    God:    Qazlal [******]
Gold:   0          SH: 44    Dex: 13    Spells: 37/73 levels left

rFire    + + .     SeeInvis +   L - staff of wizardry
rCold    . . .     Gourm    .   E - +3 large shield
rNeg     + + .     Faith    .   Y - +0 fire dragon scales of a labyrinth {*Contam rElec rF++ rC- rN++ Str+3} (curse)
rPois    +         Spirit   .   (helmet unavailable)
rElec    +         Reflect  +   U - +2 cloak {MR+}
rCorr    .         Harm     .   K - +2 pair of gloves of the Republic {+Blink MR+ Str+3 Stlth-}
MR       +++++                  R - +1 pair of boots {Stlth+}
Stlth    +.........             D - amulet "Vyskis" {Reflect MR+ Int+4 SH+4 Stlth+}
HPRegen  0.42/turn              J - ring "Teorgh Nice" {rC+ MR+ Int+3 Stlth+}
MPRegen  0.33/turn              m - ring "Tutetit" {+Fly rPois Int+5 Dex+3}

@: repel missiles
A: permanent stasis, dig shafts and tunnels, four strong arms, antennae 3, frail
1, subdued magic 1
0: Orb of Zot
a: Dig, Upheaval, Elemental Force, Disaster Area, Renounce Religion, Evoke
Flight


You escaped.
You worshipped Qazlal.
Qazlal was exalted by your worship.
You were full.

You visited 1 branch

Inventory:

Hand Weapons
 j - a +5 executioner's axe of freezing
 S - the +7 great mace "Undeadhunter" {disrupt, rN+}
   (You found it in the Dungeon)

   It protects you from negative energy.
Armour
 E - a +3 large shield (worn)
 G - +5 gold dragon scales
 K - the +2 pair of gloves of the Republic (worn) {+Blink MR+ Str+3 Stlth-}
   (You found it in the Dungeon)

   It affects your strength (+3).
   It affects your resistance to hostile enchantments.
   It lets you blink.
   It makes you less stealthy.
 R - a +1 pair of boots of stealth (worn)
 U - a +2 cloak of magic resistance (worn)
 Y - the cursed +0 fire dragon scales of a labyrinth (worn) {*Contam rElec rF++ rC- rN++ Str+3}
   (You found it in the Dungeon)

   It affects your strength (+3).
   It greatly protects you from fire.
   It makes you vulnerable to cold.
   It insulates you from electricity.
   It greatly protects you from negative energy.
   It causes magical contamination when unequipped.
   It has a curse placed upon it.
Magical Staves
 H - an uncursed staff of fire
 L - an uncursed staff of wizardry (weapon)
Jewellery
 a - the ring "Wocvonu" {rCorr rN+}
   (You found it in the Dungeon)

   [ring of resist corrosion]

   It protects you from negative energy.
 b - an uncursed ring of protection from fire
 m - the ring "Tutetit" (right hand) {+Fly rPois Int+5 Dex+3}
   (You found it in the Dungeon)

   [ring of flight]

   It affects your intelligence (+5).
   It affects your dexterity (+3).
   It protects you from poison.
   It lets you fly.
 o - an uncursed ring of ice
 D - the amulet "Vyskis" (around neck) {Reflect MR+ Int+4 SH+4 Stlth+}
   (You found it in the Dungeon)

   [amulet of reflection]

   It shields you and reflects attacks.
   It affects your intelligence (+4).
   It affects your resistance to hostile enchantments.
   It affects your SH (+4).
   It makes you more stealthy.
 I - a +6 ring of strength
 J - the ring "Teorgh Nice" (left hand) {rC+ MR+ Int+3 Stlth+}
   (You found it in the Dungeon)

   [ring of protection from magic]

   It affects your intelligence (+3).
   It protects you from cold.
   It affects your resistance to hostile enchantments.
   It makes you more stealthy.
Wands
 y - a wand of disintegration (5/24)
 A - a wand of iceblast (3/15)
 B - a wand of lightning (4/15)
 C - a wand of acid (4/15)
Scrolls
 q - 4 scrolls of amnesia
 r - 4 scrolls of recharging
 s - 9 scrolls of fog
 t - 2 scrolls of brand weapon
 u - 4 scrolls of identify
 v - 5 scrolls of remove curse
 w - 2 scrolls of fear
 Q - 4 scrolls of enchant armour
Potions
 c - a potion of mutation
 d - 4 potions of might
 e - 9 potions of curing
 g - 15 potions of heal wounds
 i - 5 potions of magic
 l - 2 potions of brilliance
 n - 4 potions of resistance
 p - 5 potions of agility
Books
 h - a book of Annihilations

   Spells                             Type                      Level
   a - Poison Arrow                   Conjuration/Poison           6
   b - Chain Lightning                Conjuration/Air              8
   c - Lehudib's Crystal Spear        Conjuration/Earth            8
   d - Glaciate                       Conjuration/Ice              9
   e - Fire Storm                     Conjuration/Fire             9
 V - a book of Transfigurations

   Spells                             Type                      Level
   a - Irradiate                      Conjuration/Transmutation    5
   b - Statue Form                    Transmutation/Earth          6
   c - Hydra Form                     Transmutation                6
   d - Dragon Form                    Transmutation                7
 Z - A Thorough Guide to Spellweaving
   (You found it in the Dungeon)

   Spells                             Type                      Level
   a - Orb of Destruction             Conjuration                  7
   b - Summon Hydra                   Summoning                    7
   c - Malign Gateway                 Summoning/Translocation      7
   d - Dragon Form                    Transmutation                7
Miscellaneous
 F - a crystal ball of energy
 M - 8 boxes of beasts
 N - 6 phantom mirrors
 O - a fan of gales
 P - a lightning rod (4/4)
 T - a phial of floods
 X - a fan of gales
Comestibles
 f - 5 bread rations
 k - 8 royal jellies
 x - 39 fruits
 z - 3 meat rations


   Skills:
 O Level 27 Fighting
 O Level 27 Axes
 O Level 27 Armour
 - Level 25.0 Dodging
 O Level 27 Shields
 + Level 25.5 Spellcasting
 + Level 20.7 Conjurations
 - Level 14.6 Hexes
 - Level 11.5 Charms
 + Level 11.5 Necromancy
 + Level 21.6 Fire Magic
 O Level 27 Invocations
 - Level 20.7 Evocations


You had 37 spell levels left.
You knew the following spells:

 Your Spells              Type           Power        Failure   Level  Hunger
a - Regeneration          Chrm/Necr      ######....   0%          3    None
b - Spectral Weapon       Hex/Chrm       ######..     0%          3    None
c - Orb of Destruction    Conj           #######...   1%          7    ###....
d - Fire Storm            Conj/Fire      #######...   9%          9    ######.
e - Statue Form           Tmut/Erth      ###......    63%         6    None
f - Death's Door          Chrm/Necr      ######....   30%         8    #####..


Dungeon Overview and Level Annotations

Branches:
Dungeon (1/1)

Altars:
Ashenzari
Cheibriados
Dithmenos
Elyvilon
Fedhas
Gozag
Hepliaklqana
Kikubaaqudgha
Makhleb
Nemelex Xobeh
Okawaru
Qazlal
Ru
Sif Muna
Trog
Uskayaw
Vehumet
Wu Jian
Xom
Yredelemnul
Zin
The Shining One
Beogh
Jiyva
Lugonu


Innate Abilities, Weirdness & Mutations

You cannot be hasted, slowed, berserked, paralysed or teleported.
You can dig through walls and to a lower floor.
Your four strong arms can wield two-handed weapons with a shield.
You have a pair of large antennae on your head. (SInv)
You are frail. (-10% HP)
Your spells are a little easier to cast, but a little less powerful.


Message History

You start resting.
You start resting.
You start resting.
Magic restored.
MP restored: 52 You eat one of the 4 meat rations.
That meat ration really hit the spot!
Wield which item (- for none, * to show all)? (? for menu, Esc to quit)
Your +5 executioner's axe of freezing stops glowing.
L - an uncursed staff of wizardry (weapon)
There is a transporter here.
An exit appears before you!
You enter the transporter and appear at another place.
Found the Orb of Zot.
Found a staircase leading out of the dungeon.
You see here the Orb of Zot.
You pick up the Orb of Zot!
The Orb lets out a hideous shriek!
The lords of Pandemonium are not amused.
Beware!
Now all you have to do is get back out of the dungeon!
There is a staircase leading out of the dungeon here.
You have escaped!

.†..........▓.............▓...8©8
....†.†.....▓..▓.......▓..▓.."..)
..†.........▓.............▓...)|.
............▓.............▓......
............▓......©......▓......
............▓▓▓▓▓▓▓▓▓▓▓▓▓▓▓......
.........≈≈.▓8888888888888▓......
▓......≈▓.≈.▓8.§.........8▓..▓...
≈≈≈......≈..▓8..@.§...©..8▓.▓....
...≈†...≈.≈.▓8....§......8▓....©.
.≈≈≈©.......▓8888888888888▓▓▓▓▓▓▓
▓▓▓▓▓▓▓▓▓▓▓▓▓▓▓▓▓▓▓▓▓▓▓▓▓▓▓▓▓▓▓▓▓
..=..8©8.[......▓.≈.≈≈.≈.8©8.≈≈≈.
:.})[:).)).:=|[.▓≈≈}[≈≈≈≈)[%≈}:≈≈
.[))[[=:).).))..▓≈:≈≈≈)≈):≈))))[)
).!|.[:|)}=}|=[.▓.≈}:≈))≈})|))[))
................▓..≈≈|:[))))[.).÷


There were no monsters in sight!

Vanquished Creatures
  7 orbs of fire (D)
  31 pandemonium lords (D)
  2 greater mummies (D)
  A bone dragon (D)
  4 liches (D)
  A Hell Sentinel (D)
  8 acid blobs (D)
  An Executioner (D)
  6 krakens (D)
  2 thorn hunters (D)
  A draconian monk (D)
  A shadow dragon (D)
  3 azure jellies (D)
  13 fire giants (D)
  10 balrugs (D)
  2 frost giants (D)
  3 cacodemons (D)
  4 ghost moths (D)
  A draconian stormcaller (D)
  3 ghouls (D)
  9 reapers (D)
  3 spriggan defenders (D)
  2 entropy weavers (D)
  2 corrupters (D)
  A purple draconian (D)
  A vampire knight (D)
  2 green draconians (D)
  2 black suns (D)
  2 black draconians (D)
  A lorocyproca (D)
  A spark wasp (D)
  5 yellow draconians (D)
  2 red draconians (D)
  5 merfolk javelineers (D)
  2 green deaths (D)
  3 blizzard demons (D)
  15 fire dragons (D)
  8 merfolk impalers (D)
  5 death oozes (D)
  2 ice dragons (D)
  3 great orbs of eyes (D)
  5 spriggan air magi (D)
  An anaconda (D)
  A merfolk avatar (D)
  9 merfolk aquamancers (D)
  A satyr (D)
  5 hell hogs (D)
  2 dancing weapons (D)
  4 vampire magi (D)
  4 spriggan berserkers (D)
  2 soul eaters (D)
  8 skeletal warriors (D)
  3 sixfirhies (D)
  An infernal demonspawn (D)
  4 sea snakes (D)
  2 spriggan druids (D)
  A shambling mangrove (D)
  3 deep elf archers (D)
  A torturous demonspawn (D)
  A harpy (D)
  10 necromancers (D)
  3 orb spiders (D)
  3 wolf spiders (D)
  A deep elf mage (D)
  4 manticores (D)
  3 moths of wrath (D)
  3 shining eyes (D)
  3 orange demons (D)
  4 eyes of devastation (D)
  6 water nymphs (D)
  2 hellions (D)
  8 efreet (D)
  A freezing wraith (D)
  A rime drake (D)
  6 tormentors (D)
  2 demonic crawlers (D)
  3 hellwings (D)
  4 ice devils (D)
  3 guardian mummies (D)
  7 merfolk (D)
  4 hornets (D)
  5 wind drakes (D)
  A red devil (D)
  2 jumping spiders (D)
  17 slime creatures (D)
  2 snapping turtles (D)
  2 hippogriffs (D)
  2 redbacks (D)
  A flying skull (D)
  8 shadows (D)
  Sigmund (D)
  2 wraiths (D)
  3 tarantellas (D)
  2 water elementals (D)
  4 vampires (D)
  3 large abominations (D)
  A ynoxinul (D)
  A steam dragon (shapeshifter) (D)
  2 neqoxecs (D)
  14 fire elementals (D)
  3 golden eyes (D)
  An ushabti (D)
  A naga (D)
  A water moccasin (shapeshifter) (D)
  A porcupine (shapeshifter) (D)
  2 porcupines (D)
  An ice beast (D)
  12 hell hounds (D)
  4 eyes of draining (D)
  4 necrophages (D)
  A tengu (shapeshifter) (D)
  A centaur (D)
  Blork the orc (D)
  An earth elemental (D)
  12 wights (D)
  2 crimson imps (D)
  2 quasits (D)
  5 jellies (D)
  7 iron imps (D)
  Jessica (D)
  2 iguanas (D)
  4 mummies (D)
  An adder (D)
  6 white imps (D)
  2 ufetubi (D)
  2 oozes (D)
  8 adder zombies (D)
  4 adder skeletons (D)
  A spectral bat (D)
  4 bat skeletons (D)
  5 bat zombies (D)
  2 ball python zombies (D)
  A bat simulacrum (D)
  3 giant cockroach zombies (D)
  2 leopard gecko skeletons (D)
  4 leopard gecko zombies (D)
  2 quokka zombies (D)
  A spectral jackal (D)
  A spectral quokka (D)
  8 briar patches (D)
  2 butterflies (D)
  10 fire vortices (D)
  17 tentacles (D)
547 creatures vanquished.

Vanquished Creatures (collateral kills)
  A vampire (D)
  A bat zombie (D)
  A jackal zombie (D)
3 creatures vanquished.

Vanquished Creatures (others)
  A spectral weapon (D)
  22 tentacles (D)
23 creatures vanquished.

Grand Total: 573 creatures vanquished

Notes
Turn   | Place    | Note
-------+----------+-------------------------------------------
     0 | D        | Found the +6 Majin-Bo {vamp, Archmagi MP+6 Int+6}
     0 | D        | Found the +7 great mace "Firestarter" {inner flame, rF++}
     0 | D        | Kikal the Formicid Fighter began the quest for the Orb.
     0 | D        | Reached XP level 1. HP: 18/18 MP: 1/1
     0 | D        | Found a deep blue altar of Sif Muna.
     0 | D        | Found a bloodstained altar of Trog.
     0 | D        | Found a sacrificial altar of Ru.
     0 | D        | Found a stormy altar of Qazlal.
     0 | D        | Found an iron altar of Okawaru.
     1 | D        | Found a sparkling altar of Nemelex Xobeh.
     1 | D        | Found a blossoming altar of Fedhas.
     3 | D        | Found a transporter.
     3 | D        | Found an ancient bone altar of Kikubaaqudgha.
     3 | D        | Found a viscous altar of Jiyva.
     3 | D        | Found a corrupted altar of Lugonu.
     3 | D        | Found a hazy altar of Hepliaklqana.
     3 | D        | Found a burning altar of Makhleb.
     3 | D        | Found an opulent altar of Gozag.
    64 | D        | Found the +9 heavy crossbow "Sniper" {velocity, Acc+∞ SInv}
    64 | D        | Found the +10 dark maul {crush}
    64 | D        | Found the +15 Maxwell's patent armour {-Cast -Tele rElec MR+ rCorr}
    64 | D        | Found the +18 shield of the Gong {rElec rN+ MR+ EV-5}
    64 | D        | Found the cursed +14 obsidian axe {chop, +Fly SInv *Curse}
    67 | D        | Found the +6 shillelagh "Devastator" {shatter}
    67 | D        | Found the +11 plutonium sword {*Contam Stlth-}
    67 | D        | Found the +8 lance "Wyrmbane" {slay drac, rPois rF+ rC+ AC+3}
    67 | D        | Found the +9 sword of Zonguldrok {reap}
    67 | D        | Found the cursed +13 scythe of Curses {drain, *Curse}
    67 | D        | Found the +3 mace of Variability {chaos}
    67 | D        | Found the +7 Singing Sword
    67 | D        | Found the +7 longbow "Piercer" {penet, EV-2}
    86 | D        | Became a worshipper of Qazlal Stormbringer
   129 | D        | Reached skill level 5 in Fighting
   129 | D        | Reached skill level 5 in Axes
   129 | D        | Reached XP level 2. HP: 27/27 MP: 1/5
   174 | D        | Entered arena 2.
   174 | D        | Noticed a naga
   174 | D        | Found a transporter.
   186 | D        | Killed a naga
   186 | D        | Reached XP level 3. HP: 29/37 MP: 6/6
   186 | D        | Reached XP level 4. HP: 34/44 MP: 7/7
   186 | D        | Reached XP level 5. HP: 38/49 MP: 8/8
   254 | D        | Entered arena 3.
   254 | D        | Noticed Sigmund
   254 | D        | Noticed Jessica
   254 | D        | Noticed Blork the orc
   254 | D        | Found a transporter.
   260 | D        | Killed Sigmund
   260 | D        | Reached * piety under Qazlal
   260 | D        | Reached skill level 5 in Armour
   260 | D        | Reached XP level 6. HP: 53/56 MP: 8/11
   264 | D        | Killed Jessica
   265 | D        | Killed Blork the orc
   265 | D        | Reached XP level 7. HP: 56/62 MP: 8/12
   282 | D        | Entered arena 4.
   282 | D        | Found a transporter.
   286 | D        | Reached ** piety under Qazlal
   290 | D        | Reached skill level 10 in Axes
   290 | D        | Reached skill level 10 in Invocations
   535 | D        | Entered arena 5.
   535 | D        | Noticed a steam dragon
   535 | D        | Noticed a water moccasin
   535 | D        | Found a transporter.
   537 | D        | Reached *** piety under Qazlal
   537 | D        | Reached XP level 8. HP: 68/68 MP: 15/15
   559 | D        | Entered arena 6.
   559 | D        | Found a transporter.
   561 | D        | Reached **** piety under Qazlal
   569 | D        | Reached ***** piety under Qazlal
   583 | D        | Entered arena 7.
   583 | D        | Noticed a fire elemental
   583 | D        | Noticed an efreet
   584 | D        | Found a transporter.
   590 | D        | Killed a fire elemental
   591 | D        | Reached XP level 9. HP: 68/76 MP: 17/17
   599 | D        | Killed an efreet
   599 | D        | Reached skill level 10 in Fighting
   616 | D        | Got the ring "Tutetit" {+Fly rPois Int+5 Dex+3}
   838 | D        | Entered arena 8.
   838 | D        | Noticed a hippogriff
   838 | D        | Noticed a merfolk
   838 | D        | Noticed a merfolk
   838 | D        | Noticed a merfolk
   838 | D        | Noticed a merfolk
   839 | D        | Found a transporter.
   849 | D        | Killed a merfolk
   849 | D        | Killed a hippogriff
   851 | D        | Killed a merfolk
   855 | D        | Killed a merfolk
   863 | D        | Killed a merfolk
   863 | D        | Reached ****** piety under Qazlal
   863 | D        | Reached XP level 10. HP: 52/86 MP: 8/19
  1004 | D        | Entered arena 9.
  1004 | D        | Noticed a war axe of flaming
  1004 | D        | Noticed a deep elf archer
  1004 | D        | Noticed a deep elf archer
  1004 | D        | Noticed a deep elf archer
  1004 | D        | Noticed a hand axe of draining
  1004 | D        | Noticed a deep elf mage
  1005 | D        | Found the +7 great mace "Undeadhunter" {disrupt, rN+}
  1005 | D        | Found a transporter.
  1006 | D        | Killed a deep elf archer
  1006 | D        | Killed a deep elf mage
  1006 | D        | Killed a war axe of flaming
  1006 | D        | Reached skill level 15 in Invocations
  1006 | D        | Killed a deep elf archer
  1006 | D        | Killed a deep elf archer
  1006 | D        | Reached XP level 11. HP: 87/92 MP: 18/23
  1006 | D        | Killed a hand axe of draining
  1011 | D        | Got the +4 war axe of Deimewei {chop, +Inv rPois Int+2}
  1027 | D        | Got the +8 war axe of Scorn {pain, *Noise Dex+5}
  1075 | D        | Entered arena 10.
  1075 | D        | Noticed a cacodemon
  1075 | D        | Noticed a large abomination
  1076 | D        | Found the +8 Wrath of Trog {antimagic, *Rage}
  1076 | D        | Killed a cacodemon
  1076 | D        | Killed a large abomination
  1077 | D        | Found a transporter.
  1096 | D        | Entered arena 11.
  1098 | D        | Found a transporter.
  1118 | D        | Entered arena 12.
  1118 | D        | Noticed a greater mummy
  1118 | D        | Noticed a greater mummy
  1119 | D        | Killed a greater mummy
  1119 | D        | Reached XP level 12. HP: 40/98 MP: 8/27
  1127 | D        | Killed a greater mummy
  1443 | D        | Found a transporter.
  1483 | D        | Entered arena 13.
  1483 | D        | Noticed a reaper
  1484 | D        | Noticed a reaper
  1484 | D        | Noticed a reaper
  1484 | D        | Reached XP level 13. HP: 53/104 MP: 29/29
  1484 | D        | Reached skill level 10 in Shields
  1484 | D        | Killed a reaper
  1484 | D        | Killed a reaper
  1484 | D        | Reached skill level 10 in Armour
  1484 | D        | Killed a reaper
  1487 | D        | Found a transporter.
  1677 | D        | Entered arena 14.
  1679 | D        | Noticed a shadow dragon
  1679 | D        | Killed a shadow dragon
  1682 | D        | Found a transporter.
  1730 | D        | Entered arena 15.
  1731 | D        | Noticed a lich
  1731 | D        | Noticed a lich
  1732 | D        | Killed a lich
  1732 | D        | Killed a lich
  1735 | D        | Found a transporter.
  1796 | D        | Entered arena 16.
  1797 | D        | Noticed a green draconian
  1797 | D        | Noticed a purple draconian stormcaller
  1797 | D        | Noticed a yellow draconian
  1797 | D        | Noticed a green draconian
  1797 | D        | Noticed a purple draconian
  1797 | D        | Noticed a yellow draconian
  1797 | D        | Noticed a red draconian
  1797 | D        | Noticed a yellow draconian
  1797 | D        | Noticed a yellow draconian
  1798 | D        | Noticed a white draconian monk
  1798 | D        | Noticed a yellow draconian
  1798 | D        | Noticed a red draconian
  1798 | D        | Noticed a black draconian
  1798 | D        | Killed a purple draconian stormcaller
  1798 | D        | Reached XP level 14. HP: 79/118 MP: 30/30
  1798 | D        | Killed a yellow draconian
  1798 | D        | Killed a yellow draconian
  1798 | D        | Killed a green draconian
  1798 | D        | Killed a red draconian
  1798 | D        | Reached skill level 15 in Shields
  1798 | D        | Killed a white draconian monk
  1798 | D        | Killed a yellow draconian
  1798 | D        | Killed a black draconian
  1798 | D        | Killed a yellow draconian
  1798 | D        | Killed a purple draconian
  1798 | D        | Killed a yellow draconian
  1798 | D        | Killed a red draconian
  1798 | D        | Killed a black draconian
  1798 | D        | Reached skill level 15 in Armour
  1798 | D        | Killed a green draconian
  1800 | D        | Found a transporter.
  1932 | D        | Entered arena 17.
  1934 | D        | Noticed a frost giant
  1934 | D        | Noticed a frost giant
  1935 | D        | Killed a frost giant
  1935 | D        | Reached skill level 5 in Evocations
  1935 | D        | Killed a frost giant
  1935 | D        | Reached skill level 5 in Dodging
  1938 | D        | Found the +0 sword of Power
  1938 | D        | Found a transporter.
  1976 | D        | Entered arena 18.
  1978 | D        | Noticed a balrug
  1978 | D        | Noticed Aprani the pandemonium lord
  1978 | D        | Noticed Raomme the pandemonium lord
  1978 | D        | Noticed Jetyxit the pandemonium lord
  1978 | D        | Noticed Foiffug the pandemonium lord
  1979 | D        | Noticed an Executioner
  1979 | D        | Noticed Ibloafor the pandemonium lord
  1979 | D        | Reached XP level 15. HP: 124/124 MP: 32/32
  1979 | D        | Reached skill level 1 in Spellcasting
  1979 | D        | Killed a balrug
  1980 | D        | Noticed Ridususm the pandemonium lord
  1980 | D        | Noticed Olaffuti the pandemonium lord
  1980 | D        | Killed an Executioner
  1980 | D        | Killed Foiffug the pandemonium lord
  1980 | D        | Killed Ibloafor the pandemonium lord
  1980 | D        | Reached skill level 15 in Fighting
  1980 | D        | Killed Aprani the pandemonium lord
  1980 | D        | Reached skill level 10 in Dodging
  1980 | D        | Killed Ridususm the pandemonium lord
  1980 | D        | Reached skill level 10 in Spellcasting
  1980 | D        | Killed Raomme the pandemonium lord
  1980 | D        | Reached XP level 16. HP: 143/143 MP: 25/33
  1980 | D        | Killed Jetyxit the pandemonium lord
  1980 | D        | Killed Olaffuti the pandemonium lord
  1980 | D        | Reached skill level 15 in Dodging
  1980 | D        | Reached skill level 15 in Spellcasting
  1983 | D        | Found a transporter.
  1999 | D        | Found the +4 arc blade {discharge, rElec}
  2011 | D        | Identified Sif Muna's Guide on Warped Dark Rites (You found it in the Dungeon)
  2018 | D        | Learned a level 3 spell: Regeneration
  2022 | D        | Learned a level 3 spell: Spectral Weapon
  2027 | D        | Identified Sif Muna's Guide on Warped Dark Rites (You found it in the Dungeon)
  2028 | D        | Identified Sif Muna's Handbook of Talismans and Poison (You found it in the Dungeon)
  2039 | D        | Learned a level 7 spell: Orb of Destruction
  2053 | D        | Entered arena 19.
  2057 | D        | Reached skill level 1 in Charms
  2057 | D        | Reached skill level 1 in Necromancy
  2061 | D        | Found a transporter.
  2070 | D        | Got the ring of Kura {*Contam rPois Dex+4 Stlth-}
  2090 | D        | Got the cursed +0 fire dragon scales of a labyrinth {*Contam rElec rF++ rC- rN++ Str+3}
  2094 | D        | Identified A Thorough Guide to Spellweaving (You found it in the Dungeon)
  2094 | D        | Identified A Thorough Guide to Spellweaving (You found it in the Dungeon)
  2123 | D        | Entered arena 20.
  2127 | D        | Noticed a thorn hunter
  2128 | D        | Reached skill level 5 in Charms
  2128 | D        | Reached skill level 5 in Necromancy
  2128 | D        | Killed a thorn hunter
  2128 | D        | Reached XP level 17. HP: 155/155 MP: 36/36
  2128 | D        | Killed a thorn hunter
  2130 | D        | Found the +2 hat of the Bear Spirit {Spirit, +Rage rN+ MR++}
  2137 | D        | Found a transporter.
  2179 | D        | Found the +8 storm bow {elec}
  2187 | D        | Got the ring "Wocvonu" {rCorr rN+}
  2201 | D        | Entered arena 21.
  2204 | D        | Noticed an orb of fire
  2206 | D        | Gained mutation: You are frail. (-10% HP) [an orb of fire]
  2208 | D        | Noticed an orb of fire
  2209 | D        | Noticed an orb of fire
  2210 | D        | Noticed an orb of fire
  2210 | D        | Reached skill level 5 in Hexes
  2210 | D        | Killed an orb of fire
  2210 | D        | Reached skill level 27 in Invocations
  2210 | D        | Killed an orb of fire
  2211 | D        | Gained mutation: Your spells are a little easier to cast, but a little less powerful. [an orb of fire]
  2212 | D        | Killed an orb of fire
  2212 | D        | Reached XP level 18. HP: 93/147 MP: 23/37
  2212 | D        | Killed an orb of fire
  2232 | D        | Found the +3 giant club "Skullcrusher" {speed, Str+7}
  2232 | D        | Found a transporter.
  2290 | D        | Entered arena 22.
  2306 | D        | Found a transporter.
  2405 | D        | Entered arena 23.
  2410 | D        | Noticed a Hell Sentinel
  2413 | D        | Reached skill level 10 in Evocations
  2413 | D        | Killed a Hell Sentinel
  2419 | D        | Noticed a bone dragon
  2422 | D        | Killed a bone dragon
  2649 | D        | Found a transporter.
  2691 | D        | Entered arena 24.
  2714 | D        | Reached skill level 15 in Evocations
  2725 | D        | Noticed a lich
  2726 | D        | Noticed a lich
  2727 | D        | Reached XP level 19. HP: 160/160 MP: 28/38
  2727 | D        | Killed a lich
  2727 | D        | Killed a lich
  2732 | D        | Found a transporter.
  2774 | D        | Got the ring "Puthea Enga" {Str+3 Stlth+}
  2804 | D        | Entered arena 25.
  2810 | D        | Noticed Runtire the pandemonium lord
  2810 | D        | Noticed Loumem the pandemonium lord
  2810 | D        | Noticed Hahy the pandemonium lord
  2810 | D        | Noticed Hangiasu the pandemonium lord
  2810 | D        | Noticed Wystru the pandemonium lord
  2810 | D        | Noticed Beow the pandemonium lord
  2811 | D        | Noticed Meovois the pandemonium lord
  2811 | D        | Reached skill level 27 in Axes
  2811 | D        | Killed Hangiasu the pandemonium lord
  2811 | D        | Killed Huahefuh the pandemonium lord
  2811 | D        | Killed Loumem the pandemonium lord
  2811 | D        | Killed Wystru the pandemonium lord
  2811 | D        | Killed Runtire the pandemonium lord
  2812 | D        | Noticed Kumab the pandemonium lord
  2813 | D        | Noticed Kuklit the pandemonium lord
  2813 | D        | Noticed Xyxtor the pandemonium lord
  2813 | D        | Killed Daumpul the pandemonium lord
  2813 | D        | Killed Beow the pandemonium lord
  2813 | D        | Killed Hahy the pandemonium lord
  2813 | D        | Reached XP level 20. HP: 91/175 MP: 27/39
  2814 | D        | Noticed Wopeyn the pandemonium lord
  2814 | D        | Noticed Dazxupp the pandemonium lord
  2814 | D        | Noticed Dezese Jatz the pandemonium lord
  2814 | D        | Noticed Jonn the pandemonium lord
  2814 | D        | Noticed Nukieta the pandemonium lord
  2814 | D        | Noticed Asmek the pandemonium lord
  2815 | D        | Noticed Asos the pandemonium lord
  2815 | D        | Noticed Vycha the pandemonium lord
  2815 | D        | Noticed Vefoarghah the pandemonium lord
  2815 | D        | Noticed Suimyxid the pandemonium lord
  2815 | D        | Noticed Giciuf the pandemonium lord
  2815 | D        | Killed Meovois the pandemonium lord
  2815 | D        | Killed Giciuf the pandemonium lord
  2815 | D        | Killed Nukieta the pandemonium lord
  2815 | D        | Reached skill level 27 in Fighting
  2816 | D        | Killed Vycha the pandemonium lord
  2816 | D        | Killed Dazxupp the pandemonium lord
  2816 | D        | Killed Xyxtor the pandemonium lord
  2816 | D        | Killed Vefoarghah the pandemonium lord
  2816 | D        | Killed Jonn the pandemonium lord
  2816 | D        | Killed Asos the pandemonium lord
  2816 | D        | Killed Kuklit the pandemonium lord
  2816 | D        | Killed Wopeyn the pandemonium lord
  2816 | D        | Reached XP level 21. HP: 82/183 MP: 31/40
  2819 | D        | Noticed Tifoast the pandemonium lord
  2820 | D        | Killed Suimyxid the pandemonium lord
  2820 | D        | Killed Dezese Jatz the pandemonium lord
  2820 | D        | Reached skill level 27 in Armour
  2820 | D        | Reached skill level 27 in Shields
  2822 | D        | Killed Kumab the pandemonium lord
  2824 | D        | Killed Tifoast the pandemonium lord
  2824 | D        | Reached skill level 10 in Charms
  2824 | D        | Reached skill level 10 in Necromancy
  2832 | D        | Killed Asmek the pandemonium lord
  2832 | D        | Reached skill level 5 in Conjurations
  2839 | D        | Found a transporter.
  2859 | D        | Got the ring "Teorgh Nice" {rC+ MR+ Int+3 Stlth+}
  2879 | D        | Learned a level 9 spell: Fire Storm
  3047 | D        | Entered arena 26.
  3056 | D        | Reached skill level 1 in Fire Magic
  3056 | D        | Reached skill level 5 in Fire Magic
  3061 | D        | Reached skill level 10 in Conjurations
  3061 | D        | Reached skill level 10 in Fire Magic
  3065 | D        | Reached XP level 22. HP: 174/190 MP: 32/44
  3070 | D        | Found the +2 robe of Vines {NoPotionHeal Regen+7}
  3078 | D        | Found a transporter.
  3087 | D        | Got the ring of Mayhukh {rPois Str+2 Dex+2}
  3170 | D        | Got the amulet "Vyskis" {Reflect MR+ Int+4 SH+4 Stlth+}
  3204 | D        | Got the +6 war axe of Evil {chop, +Inv rPois rC-}
  3229 | D        | Entered arena 27.
  3245 | D        | Reached skill level 15 in Fire Magic
  3245 | D        | Reached skill level 15 in Conjurations
  3249 | D        | Found the +9 staff of Olgreb {rPois}
  3256 | D        | Found a transporter.
  3257 | D        | Found the ring of Phasing {EV+8}
  3259 | D        | Identified the Disquisition on Lightness (You found it in the Dungeon)
  3266 | D        | Learned a level 6 spell: Statue Form
  3266 | D        | Identified the Disquisition on Lightness (You found it in the Dungeon)
  3286 | D        | Got the +2 pair of gloves of the Republic {+Blink MR+ Str+3 Stlth-}
  3379 | D        | Entered arena 28.
  3389 | D        | Noticed an orb of fire
  3390 | D        | Noticed an orb of fire
  3391 | D        | Noticed an orb of fire
  3392 | D        | Killed an orb of fire
  3393 | D        | Killed an orb of fire
  3393 | D        | Killed an orb of fire
  3393 | D        | Reached XP level 23. HP: 172/197 MP: 29/51
  3428 | D        | Found a transporter.
  3468 | D        | Learned a level 8 spell: Death's Door
  3539 | D        | Got the Orb of Zot
  3544 | D        | Escaped with the Orb!

Vault maps used:
D:        sprint_v

Skill      XL: |  1  2  3  4  5  6  7  8  9 10 11 12 13 14 15 16 17 18 19 20 21 22 23 |
---------------+----------------------------------------------------------------------+-----
Fighting       | 5 8 9 10 13 18 20 23 26 27 | 27.0
Axes           | 5 8 10 11 13 16 17 18 19 23 26 27 | 27.0
Invocations    | 4 6 7 10 12 17 22 24 26 27 | 27.0
Armour         | 5 6 7 8 12 15 16 19 22 26 27 | 27.0
Shields        | 6 7 8 9 14 16 21 26 27 | 27.0
Dodging        | 2 5 13 15 18 22 25 | 25.0
Evocations     | 4 7 15 17 20 | 20.7
Spellcasting   | 12 15 18 24 25 | 25.5
Charms         | 6 9 11 | 11.5
Necromancy     | 6 9 11 | 11.5
Hexes          | 14 | 14.6
Conjurations   | 11 19 20 | 20.7
Fire Magic     | 11 20 21 | 21.6

Action                   |  1- 3 |  4- 6 |  7- 9 | 10-12 | 13-15 | 16-18 | 19-21 | 22-24 || total
-------------------------+-------+-------+-------+-------+-------+-------+-------+-------++-------
Melee: War axe           |     5 |       |       |       |       |       |       |       ||     5
       Broad axe         |       |     7 |    57 |       |       |       |       |       ||    64
       Executioner's axe |       |       |       |       |     1 |    53 |     9 |    26 ||    89
 Cast: Regeneration      |       |       |       |       |       |     8 |     5 |     4 ||    17
       Spectral Weapon   |       |       |       |       |       |     1 |       |     1 ||     2
Invok: Upheaval          |       |       |     1 |       |       |       |       |       ||     1
       Disaster Area     |       |       |       |     5 |     6 |    13 |    12 |    12 ||    48
       Elemental Force   |       |       |       |       |     1 |     1 |       |       ||     2
Evoke: Wand              |     1 |     1 |     2 |     2 |       |       |       |       ||     6
       Crystal ball of e |       |       |       |       |       |       |     5 |     5 ||    10
  Use: Potion            |     5 |     2 |       |     2 |       |     1 |       |     1 ||    11
       Scroll            |       |       |     1 |     2 |     2 |       |     2 |       ||     7
 Stab: Invisible         |       |     2 |       |       |       |       |       |       ||     2
  Eat: Chunk             |       |       |       |     1 |       |     1 |     1 |     1 ||     4
       Fruit             |       |       |       |     1 |     2 |       |       |       ||     3
       Royal jelly       |       |       |       |       |       |     1 |       |       ||     1
       Meat ration       |       |       |       |       |       |       |       |     1 ||     1
Armor: Scale mail        |     5 |       |       |       |       |       |       |       ||     5
       Gold dragon scale |       |     3 |    42 |       |       |     8 |     3 |       ||    56
       Fire dragon scale |       |       |       |       |       |       |       |     4 ||     4
Dodge: Dodged            |     5 |       |    17 |       |       |    15 |     2 |    23 ||    62
       Deflected         |       |       |       |       |       |       |     1 |     1 ||     2
Block: Shield            |     7 |     6 |    92 |     1 |     1 |    22 |       |       ||   129
       Large shield      |       |       |       |       |       |    42 |    13 |    64 ||   119
       Reflection        |       |       |       |       |       |       |       |     2 ||     2

Table legend:
 A = Spawn XP
 B = Non-spawn XP
 C = Spawn XP percentage of total XP
 D = Spawn monster count
 E = Non-spawn monster count
 F = Spawn count percentage of total count
 G = Total turns spent on level
                    A         B        C        D         E        F      G
               +---------+---------+-------+---------+---------+-------+---------
         Total |       0 |  620911 |   0.0 |       0 |     513 |   0.0 |  3544
               +---------+---------+-------+---------+---------+-------+---------
             D |       0 |  620911 |   0.0 |       0 |     513 |   0.0 |  3544
               +---------+---------+-------+---------+---------+-------+---------
